 Dungeon Crawl Stone Soup version 0.28-a0-816-gb054d885db (webtiles) character file.

Game seed: 14329029737431093323

12831 lawman0 the Poker (level 11, -12/85 HPs)
             Began as a Grey Draconian Hedge Wizard on Nov 8, 2021.
             Was a Priest of Vehumet.
             Mangled by a minotaur (30 damage)
             ... in a Gauntlet.
             The game lasted 00:39:43 (14899 turns).

lawman0 the Poker (Grey Draconian Hedge Wizard)    Turns: 14899, Time: 00:39:44

Health: -12/85     AC: 19    Str: 13    XL:     11   Next: 67%
Magic:  0/22       EV: 13    Int: 17    God:    Vehumet [***...]
Gold:   70         SH:  0    Dex: 11    Spells: 5/24 levels left

rFire   + . .      SeeInvis .   n - +12 glaive of Prune {vorpal}
rCold   . . .      Faith    .   (shield currently unavailable)
rNeg    . . .      Spirit   .   (armour unavailable)
rPois   .          Reflect  .   r - +2 hat
rElec   .          Harm     .   p - +0 cloak {Stlth+}
rCorr   +          Rampage  .   F - +0 pair of gloves
Will    .....      NoTele   +   E - +2 pair of boots
Stlth   ++++......              D - amulet of regeneration
HPRegen 1.24/turn               l - ring of resist corrosion
MPRegen 0.18/turn               x - ring of protection from fire

@: no status effects
A: AC +12, amphibious, unfitting armour, cold-blooded
a: Renounce Religion


You were in a Gauntlet.
You worshipped Vehumet.
Vehumet was most pleased with you.
You visited 3 branches of the dungeon, and saw 13 of its levels.
You also visited: Bailey and Gauntlet.

You collected 694 gold pieces.
You spent 624 gold pieces at shops.

Inventory:

Hand Weapons
 n - the +12 glaive of Prune (weapon) {vorpal}
   (You found it on level 6 of the Dungeon)

   It inflicts extra damage upon your enemies.
Missiles
 c - 82 poisoned darts
 j - 2 silver boomerangs
 u - 19 javelins (quivered)
Armour
 p - a +0 cloak of stealth (worn)
 r - a +2 hat (worn)
 E - a +2 pair of boots (worn)
 F - a +0 pair of gloves (worn)
Magical Staves
 m - a staff of poison
Jewellery
 h - the brooch of Shielding {Spirit SH+8}
   (You found it in a Gauntlet)

   [amulet of guardian spirit]

   It causes incoming damage to be divided between your reserves of health and
   magic.
   SH:        It affects your SH (+8).
 k - an amulet of the acrobat
 l - a ring of resist corrosion (left hand)
 x - a ring of protection from fire (right hand)
 A - an amulet of reflection
 D - an amulet of regeneration (around neck)
 G - the amulet "Cotwiss" {Spirit rC+ Str+8 Int-2 Stlth+}
   (You found it in a Gauntlet)

   [amulet of guardian spirit]

   It causes incoming damage to be divided between your reserves of health and
   magic.
   Str:       It affects your strength (+8).
   Int:       It affects your intelligence (-2).
   rC:        It protects you from cold.
   Stlth:     It makes you more stealthy.
Wands
 i - a wand of iceblast (7)
 v - a wand of digging (8)
 C - a wand of flame (25)
Scrolls
 d - 2 scrolls of torment
 f - a scroll of holy word
 o - a scroll of teleportation
 w - a scroll of fog
 y - a scroll of fear
 B - a scroll of enchant armour
Potions
 a - 2 potions of curing
 b - 2 potions of might {unknown}
 e - 8 potions of attraction {unknown}
 g - a potion of experience {unknown}
 q - a potion of mutation
 s - a potion of cancellation {unknown}
 t - 3 potions of brilliance {unknown}
 z - a potion of invisibility {unknown}
 H - a potion of flight {unknown}
 L - 2 potions of resistance {unknown}
Miscellaneous
 J - a condenser vane (inert)


   Skills:
 + Level 4.6 Fighting
 - Level 0.2 Maces & Flails
 + Level 7.5 Polearms
 + Level 1.7 Throwing
 + Level 4.6 Dodging
 + Level 4.7 Stealth
 + Level 7.3 Spellcasting
 * Level 5.5 Conjurations
 + Level 3.0 Summonings
 + Level 5.1 Translocations
 + Level 3.0 Transmutations
 * Level 3.0 Fire Magic
 + Level 4.8 Ice Magic
 + Level 3.1 Air Magic
 + Level 2.6 Earth Magic
 + Level 6.0 Poison Magic
 + Level 2.1 Evocations


You had 5 spell levels left.
You knew the following spells:

 Your Spells              Type           Power      Damage    Failure   Level
a - Magic Dart            Conj           100%       1d8       1%          1
b - Slow                  Hex            24%        N/A       11%         1
c - Blink                 Tloc           46%        N/A       1%          2
d - Call Imp              Summ           16%        N/A       4%          2
e - Mephitic Cloud        Conj/Pois/Air  22%        N/A       1%          3
f - Freeze                Ice            88%        1d10      1%          1
h - Poisonous Vapours     Pois/Air       42%        N/A       1%          2
i - Stone Arrow           Conj/Erth      40%        3d9       1%          3
j - Sticky Flame          Conj/Fire      20%        2d4       5%          4

Your spell library contained the following spells:

 Spells                   Type           Power      Damage    Failure   Level
 Static Discharge         Conj/Air       21%        N/A       1%          2
 Conjure Flame            Conj/Fire      20%        6-21      1%          3
 Ignite Poison            Fire/Tmut/Pois 19%        N/A       1%          3
 Gell's Gravitas          Tloc           23%        N/A       4%          3
 Lesser Beckoning         Tloc           23%        N/A       4%          3
 Teleport Other           Tloc           23%        N/A       4%          3
 Ensorcelled Hibernation  Hex/Ice        28%        N/A       6%          2
 Freezing Cloud           Conj/Ice/Air   10%        6-21      13%         5
 Lightning Bolt           Conj/Air       10%        1d23      13%         5
 Tukima's Dance           Hex            6%         N/A       32%         3
 Maxwell's Capacitive Co  Air            8%         ∞         100%        8


Dungeon Overview and Level Annotations

Branches:
Dungeon (11/15)            Temple (1/1) D:7            Lair (1/6) D:11
    Orc (0/2) D:11         Bailey (visited)         Gauntlet (1/1)

Altars:
Ashenzari
Cheibriados
Dithmenos
Elyvilon
Fedhas
Gozag
Hepliaklqana
Kikubaaqudgha
Makhleb
Nemelex Xobeh
Okawaru
Qazlal
Ru
Sif Muna
Trog
Uskayaw
Vehumet
Wu Jian
Xom
Yredelemnul
Zin
The Shining One

Shops:
D:4 :   D:9 [

Annotations:
Gauntlet 8 transporters, 1 runed translucent door


Innate Abilities, Weirdness & Mutations

Your dull iron-grey scales are very hard. (AC +12)
You are amphibious.
You cannot fit into any form of body armour.
You are cold-blooded and may be slowed by cold attacks.


Message History

The minotaur is severely wounded.
You feel stable enough to blink again.
The minotaur seems less confused.
Aiming: Iceblast
Press: ? - help, Shift-Dir - straight line, f/p - minotaur
Aim: a minotaur, wielding the +8 Wrath of Trog {antimagic, *Rage Rampage}, wearing the +0 plate armour of the Wild Haggis {*Slow rF+ rN+}, wearing a ring of see invisible and quivering silver javelins (severely wounded)
The mass of ice explodes!
The iceblast engulfs the minotaur.
The minotaur is severely wounded.
Okay, then.
Aiming: Iceblast
Press: ? - help, Shift-Dir - straight line, f/p - minotaur
Aim: a minotaur, wielding the +8 Wrath of Trog {antimagic, *Rage Rampage}, wearing the +0 plate armour of the Wild Haggis {*Slow rF+ rN+}, wearing a ring of see invisible and quivering silver javelins (severely wounded)
The mass of ice explodes!
The iceblast engulfs the minotaur!
The minotaur is severely wounded.
The minotaur goes berserk!
The minotaur hits you with the +8 Wrath of Trog {antimagic, *Rage Rampage}!!
You feel your power leaking away. The minotaur closely misses you.
Unknown command.
Casting: Blink (safe; 1% risk of failure)
Confirm with . or Enter, or press ? or * to list all spells.
Okay, then.
Okay, then.
Aiming: Iceblast
Press: ? - help, Shift-Dir - straight line, p - minotaur The mass of ice explodes!
The iceblast engulfs the minotaur.
The minotaur is almost dead.
The minotaur hits you with the +8 Wrath of Trog {antimagic, *Rage Rampage}!!
The minotaur gores you!
* * * LOW HITPOINT WARNING * * *
Unknown command.
Aiming: Iceblast
Press: ? - help, Shift-Dir - straight line The mass of ice explodes!
The iceblast engulfs the minotaur but does no damage.
The minotaur is almost dead.
The minotaur misses you. The minotaur gores you!
* * * LOW HITPOINT WARNING * * *
The minotaur hits you with the +8 Wrath of Trog {antimagic, *Rage Rampage}!!
You die...

#:.=#### #8.8#.8### #...#....# #
#8.8#..#.# #.#..##'##..#.#
#.............# #.#.##.#.##.#.#
#.#....#..H.#.#
###.#.#######@#.###
.................#
#.♣.♣.©.©.©.©.♣.♣.#
.................# # ###
################# ### ### #
###≈###...........###≈###≈###≈###
≈#≈≈≈#..♣P......♣..#≈≈≈#≈≈≈#≈≈≈#≈
.......PP...∩....................
..♣..P♣...........♣P.P♣..P♣P.P♣P.


You could see a minotaur (berserk).

Vanquished Creatures
  A great orb of eyes (Gauntlet)
  2 two-headed ogres (D:11)
  2 ugly things (Gauntlet)
  A cyclops (D:9)
  A centaur zombie (D:10)
  A cane toad (Lair:1)
  A gargoyle (D:10)
  An eye of devastation (Gauntlet)
  A smoke demon (Gauntlet)
  An unseen horror (D:10)
  4 trolls
  A wraith (D:10)
  5 yaks (D:8)
  A wyvern (D:10)
  A steam dragon (D:9)
  Edmund (D:5)
  An acid dragon (D:11)
  A floating eye (Gauntlet)
  A water moccasin (D:8)
  3 necrophages
  12 orc warriors
  3 sky beasts
  3 ogres
  11 centaurs
  3 phantoms
  5 bullfrogs
  A gnoll sergeant (D:5)
  2 scorpions (D:6)
  A water moccasin skeleton (D:5)
  A wyvern skeleton (D:7)
  12 killer bees (D:9)
  4 wights (D:8)
  2 crimson imps (Gauntlet)
  A lava snake (D:11)
  2 jellies
  3 gnoll shamans (D:7)
  An orc priest (D:8)
  A hound (D:7)
  A centaur skeleton (D:5)
  6 orc wizards
  A killer bee zombie (D:9)
  A hound skeleton (D:2)
  2 howler monkey zombies
  21 gnolls
  9 adders
  A shadow imp (D:7)
  2 ufetubi
  2 adder skeletons
  A worm (D:3)
  2 dart slugs
  41 orcs
  8 endoplasms
  7 giant cockroaches
  12 goblins
  10 hobgoblins
  4 quokkas
  5 ball pythons
  8 bats
  2 frilled lizards (D:2)
  7 kobolds
  3 rats
255 creatures vanquished.

Vanquished Creatures (collateral kills)
  A komodo dragon (D:8)
  A yak (D:8)
  An orc wizard (D:8)
  A worm (D:2)
  An orc (D:8)
  A giant cockroach (D:4)
6 creatures vanquished.

Vanquished Creatures (others)
  A plant (Gauntlet)
1 creature vanquished.

Grand Total: 262 creatures vanquished

Notes
Turn   | Place    | Note
-------+----------+-------------------------------------------
     0 | D:1      | lawman0 the Draconian Hedge Wizard began the quest for the
                  | Orb.
     0 | D:1      | Reached XP level 1. HP: 14/14 MP: 4/4
   424 | D:1      | Reached XP level 2. HP: 19/20 MP: 1/6
   850 | D:1      | Learned a level 1 spell: Slow
   853 | D:1      | Learned a level 2 spell: Blink
   856 | D:1      | Learned a level 2 spell: Call Imp
  1596 | D:2      | Reached XP level 3. HP: 27/27 MP: 0/8
  1600 | D:2      | Learned a level 3 spell: Mephitic Cloud
  1963 | D:2      | Reached skill level 1 in Fighting
  2187 | D:2      | Reached XP level 4. HP: 28/35 MP: 1/9
  2852 | D:3      | Reached skill level 1 in Air Magic
  3065 | D:3      | Reached skill level 1 in Poison Magic
  3275 | D:3      | Reached XP level 5. HP: 40/40 MP: 4/10
  3605 | D:3      | Found a faded altar of an unknown god.
  3688 | D:3      | Found a bloodstained altar of Trog.
  5170 | D:4      | Noticed an ogre
  5198 | D:4      | Killed an ogre
  5199 | D:4      | Reached XP level 6. HP: 34/47 MP: 10/12
  5642 | D:4      | Found Kape's Book Shoppe.
  5692 | D:5      | Entered Level 5 of the Dungeon
  5810 | D:5      | Your scales start taking on a dull iron-grey colour.
  5810 | D:5      | Reduced skill Air Magic to level 1
  5810 | D:5      | Reached XP level 7. HP: 52/52 MP: 9/14
  5810 | D:5      | oh
  5810 | D:5      | ok
  5810 | D:5      | based
  6058 | D:5      | Noticed Edmund
  6138 | D:5      | Killed Edmund
  6411 | D:5      | Reached skill level 5 in Spellcasting
  6582 | D:4      | Reached skill level 1 in Evocations
  6835 | D:5      | Reached XP level 8. HP: 48/61 MP: 2/15
  7644 | D:6      | Found the +12 glaive of Prune {vorpal}
  7667 | D:6      | guess I'm learning polearms
  8274 | D:6      | Reached skill level 1 in Polearms
  8447 | D:7      | Reached XP level 9. HP: 59/68 MP: 17/17
  8547 | D:7      | Found a staircase to the Ecumenical Temple.
  8576 | D:7      | Reached skill level 5 in Poison Magic
  8623 | Temple   | Entered the Ecumenical Temple
  8776 | Temple   | gangs all here
  8776 | Temple   | Upgraded the game from 0.28-a0-804-g60983d4ba9 to
                  | 0.28-a0-816-gb054d885db
  8994 | Temple   | Became a worshipper of Vehumet
  9913 | D:8      | hell yeah
  9954 | D:8      | Reached * piety under Vehumet
  9954 | D:8      | Offered knowledge of Freeze by Vehumet.
  9958 | D:8      | Learned a level 1 spell: Freeze
 10046 | D:8      | Noticed a komodo dragon
 10053 | D:8      | Reached skill level 1 in Ice Magic
 10054 | D:8      | Reached skill level 5 in Polearms
 10084 | D:8      | Killed a komodo dragon
 10097 | D:8      | Reached XP level 10. HP: 27/78 MP: 6/19
 10478 | D:8      | Learned a level 3 spell: Ignite Poison
 10713 | D:9      | Found Wapnaf's Antique Armour Emporium.
 10736 | D:9      | Bought a pair of runed boots for 240 gold pieces
 10860 | D:9      | Identified the +4 hunting sling "Cufila" {speed, rElec
                  | Int-4 Dex+4}
 10862 | D:9      | Noticed a cyclops
 10885 | D:9      | Killed a cyclops
 10886 | D:9      | Reached skill level 1 in Transmutations
 11593 | D:10     | Entered Level 10 of the Dungeon
 11808 | D:10     | Noticed a gargoyle
 11816 | D:10     | Killed a gargoyle
 11816 | D:10     | Reached ** piety under Vehumet
 11831 | D:10     | Found a flagged portal.
 11836 | D:10     | Offered knowledge of Poisonous Vapours by Vehumet.
 11859 | D:10     | Learned a level 2 spell: Poisonous Vapours
 11864 | Bailey   | Entered a bailey
 12146 | Bailey   | Offered knowledge of Stone Arrow by Vehumet.
 12164 | Bailey   | Learned a level 3 spell: Stone Arrow
 12248 | Bailey   | Reached skill level 1 in Throwing
 12280 | Bailey   | Reached *** piety under Vehumet
 12281 | Bailey   | Reached skill level 1 in Earth Magic
 12391 | Bailey   | Reached XP level 11. HP: 84/84 MP: 17/21
 12604 | D:10     | Offered knowledge of Sticky Flame by Vehumet.
 12611 | D:10     | Learned a level 4 spell: Sticky Flame
 12918 | D:10     | Reached skill level 1 in Fire Magic
 13302 | D:9      | Bought a pair of runed boots for 240 gold pieces
 13303 | D:9      | Bought a pair of gloves for 144 gold pieces
 13393 | D:11     | Found a staircase to the Orcish Mines.
 13607 | D:11     | Found a staircase to the Lair.
 13775 | D:11     | Found a broken altar of Ashenzari.
 14078 | D:11     | Noticed a two-headed ogre
 14080 | D:11     | Noticed a two-headed ogre
 14094 | D:11     | Killed a two-headed ogre
 14111 | D:11     | Killed a two-headed ogre
 14112 | D:11     | Reached skill level 5 in Conjurations
 14272 | Lair:1   | Entered Level 1 of the Lair of Beasts
 14297 | Lair:1   | Found a gate leading to a gauntlet.
 14305 | Lair:1   | Reached skill level 5 in Translocations
 14312 | Gauntlet | Entered a Gauntlet
 14312 | Gauntlet | Found a transporter.
 14312 | Gauntlet | Found a runed translucent door.
 14313 | Gauntlet | Found a runed translucent door.
 14316 | Gauntlet | Found a transporter.
 14318 | Gauntlet | Found a transporter.
 14335 | Gauntlet | Found the brooch of Shielding {Spirit SH+8}
 14346 | Gauntlet | Found a transporter.
 14349 | Gauntlet | Found a transporter.
 14354 | Gauntlet | Noticed a ghost crab
 14357 | Gauntlet | Found a transporter.
 14378 | Gauntlet | Found a transporter.
 14390 | Gauntlet | Noticed a cacodemon
 14392 | Gauntlet | Found a transporter.
 14394 | Gauntlet | Noticed a glowing orange brain
 14394 | Gauntlet | Noticed a green ugly thing
 14398 | Gauntlet | Noticed a glowing orange brain
 14400 | Gauntlet | Noticed a great orb of eyes
 14402 | Gauntlet | Found a transporter.
 14404 | Gauntlet | Noticed a purple ugly thing
 14405 | Gauntlet | Noticed a brown ugly thing
 14423 | Gauntlet | Found a transporter.
 14435 | Gauntlet | Found a transporter.
 14437 | Gauntlet | Found a transporter.
 14513 | Gauntlet | Found a transporter.
 14513 | Gauntlet | Found a transporter.
 14806 | Gauntlet | Noticed a harpy
 14806 | Gauntlet | a shapeshifter changed into a harpy
 14811 | Gauntlet | Killed a purple ugly thing
 14822 | Gauntlet | Identified the amulet "Cotwiss" {Spirit rC+ Str+8 Int-2
                  | Stlth+}
 14825 | Gauntlet | Killed a cyan ugly thing
 14826 | Gauntlet | Killed a great orb of eyes
 14884 | Gauntlet | Identified the +0 plate armour of the Wild Haggis {*Slow
                  | rF+ rN+}
 14884 | Gauntlet | Noticed a minotaur
 14899 | Gauntlet | Mangled by a minotaur

Illustrated notes ## .. ##### ##.#...# #.....<# #..#.@.# ##.## .)# .... .##.# #. #.# # #.# #.. Turn 5810 on D:5: oh #.# #.# #.# #.# #.# #.# ## #.# #.# #.# #.# #.# #.# #.####.## #.##.......## ##...####...# #..@.......<# #.#.#.####(..# ..#.)#..# ##### ........... .#.......#.. ##..#.....#.# #...#..#$. . #.. #... . Turn 7667 on D:6: guess I'm learning polearms

#..........# # #......_...# #
#..........# # #..........##
## ##......_...## ##.
#...........### ###..
##......._....#### ####....
##..............#######.......
##......._..@.............._.
###.........................
###......._........._.....
####......._..._.......#
#####...........#####
#############


Turn 8776 on Temple: gangs all here ...........##. .............. #............
............... ........!.....# ##.............## .#...............##..
.............@....... . ......(..##..#....#. ..##.......#...##.###
...........†..)..... ..........#...#.....# #........#####.###... ##..........#
.. .. #.....#<....#.... .......#........... Turn 9913 on D:8: hell yeah

Levels and vault maps discovered:
D:1:      scummos_arrival_hexagon, layout_basic
D:2:      layout_basic
D:3:      layout_loops_ring, amcnicky_altar_gilded,
          shapermc_ecumenical_altar_starsandcircs, minmay_circle_x
D:4:      layout_basic, serial_shops, nicolae_stop_n_shop_2,
          minmay_misc_feat_room
D:5:      layout_loops_ring, uniq_edmund
D:6:      layout_loops_ring, hangedman_decor_opposing
D:7:      layout_rooms, minmay_temple_entry_slanted, kb_lookout_dungeons_type
D:8:      layout_cave_pools
D:9:      layout_rooms, serial_shops, nicolae_square_shop,
          kennysheep_pointless_box, minmay_misc_feat_diagonals
D:10:     layout_basic, lightli_bailey_entry_fortress, minmay_fractal_squares_5
D:11:     layout_loops_ring, lair_entry_dummy, orc_0_dummy, serial_glass,
          glass_columns_b, glass_columns_b, glass_columns_a, glass_columns_b,
          glass_columns_a, glass_columns_b, glass_columns_b, glass_columns_c,
          item_on_display_a, due_unseen_surprise, nicolae_lava_and_water,
          nicolae_ashenzari_skybound
Temple:   compressed_dpeg_circular_temple
Lair:1:   layout_gridlike, gauntlet_entry_generic, grunt_megastairs_4,
          lemuel_fruit_fields, infiniplex_staircase_pool_2
Gauntlet: minmay_gauntlet_77_tree [minmay_gauntlet_arena_77_shame_cube,
          minmay_gauntlet_arena_77_two_lines, minmay_gauntlet_arena_77_braids,
          minmay_gauntlet_arena_77_mirror,
          minmay_gauntlet_arena_77_terracotta_army,
          minmay_gauntlet_arena_77_p_blocks, minmay_gauntlet_arena_77_squiggly,
          nicolae_gauntlet_exit_dead_adventurers]

Skill      XL: |  1  2  3  4  5  6  7  8  9 10 11 |
---------------+----------------------------------+-----
Dodging        | 2 3 4 |  4.6
Fighting       | 1 2 3 4 |  4.6
Air Magic      | 1 2 1 2 3 |  3.1
Stealth        | 2 3 4 |  4.7
Poison Magic   | 1 2 3 4 5 6 |  6.0
Spellcasting   | 4 5 6 7 |  7.3
Conjurations   | 2 3 4 5 |  5.5
Translocations | 2 3 4 5 |  5.1
Evocations     | 1 2 |  2.1
Summonings     | 2 3 |  3.0
Polearms       | 2 5 6 7 |  7.5
Ice Magic      | 2 4 |  4.8
Transmutations | 2 3 |  3.0
Throwing       | 1 |  1.7
Earth Magic    | 1 2 |  2.6
Fire Magic     | 3 |  3.0
Maces & Flails | |  0.2

Action                   |  1- 3 |  4- 6 |  7- 9 | 10-12 || total
-------------------------+-------+-------+-------+-------++-------
Melee: Dagger            |    61 |   102 |    40 |       ||   203
       Tailslap          |     1 |    12 |    20 |     5 ||    38
       Flail             |       |       |    45 |       ||    45
       Glaive            |       |       |   120 |   151 ||   271
Throw: Dart              |       |       |       |    37 ||    37
       Javelin           |       |       |       |     4 ||     4
 Cast: Magic Dart        |    90 |   170 |    71 |    14 ||   345
       Call Imp          |     2 |     7 |    18 |       ||    27
       Blink             |       |     2 |     2 |     8 ||    12
       Mephitic Cloud    |       |     1 |    17 |    44 ||    62
       Freeze            |       |       |       |    17 ||    17
       Poisonous Vapours |       |       |       |    11 ||    11
       Stone Arrow       |       |       |       |    20 ||    20
       Ignite Poison     |       |       |       |     4 ||     4
       Sticky Flame      |       |       |       |     2 ||     2
Evoke: Wand              |       |     4 |     4 |    19 ||    27
       Condenser vane    |       |       |       |     1 ||     1
  Use: Scroll            |       |     3 |     3 |    14 ||    20
       Potion            |       |       |     1 |       ||     1
 Stab: Sleeping          |       |     1 |     1 |     4 ||     6
       Confused          |       |       |     3 |    12 ||    15
       Distracted        |       |       |     1 |       ||     1
Armor: Skin              |    29 |    36 |   119 |   101 ||   285
Dodge: Dodged            |    44 |    96 |   160 |   125 ||   425

Table legend: (Time is in decaauts)
 A = Elapsed time spent in this place.
 B = Non-inter-level travel time spent in this place.
 C = Inter-level travel time spent in this place.
 D = Time resting spent in this place.
 E = Time spent auto-exploring this place.
 F = Levels seen in this place.
 G = Mean time per level.
                   A        B        C        D        E       F      G
               +--------+--------+--------+--------+--------+-----+--------+
         Total |  15059 |  14383 |    676 |   2106 |   8755 |  15 | 1003.9 |
       Dungeon |  13463 |  12816 |    647 |   1954 |   8215 |  11 | 1223.9 |
        Temple |    253 |    224 |     29 |      0 |    121 |   1 |  253.0 |
          Lair |     39 |     39 |      0 |      2 |      0 |   1 |   39.0 |
        Bailey |    710 |    710 |      0 |     86 |    211 |   1 |  710.0 |
      Gauntlet |    592 |    592 |      0 |     64 |    208 |   1 |  592.0 |
               +--------+--------+--------+--------+--------+-----+--------+

Top non-repeatable levels by time:
     D:3: 1795 daAuts
     D:4: 1625 daAuts
     D:2: 1500 daAuts
     D:1: 1430 daAuts
     D:5: 1350 daAuts
     D:7: 1161 daAuts
     D:9: 1076 daAuts
    D:10: 1030 daAuts
     D:6: 883 daAuts
    D:11: 881 daAuts
     D:8: 727 daAuts
  Bailey: 710 daAuts
Gauntlet: 592 daAuts
  Temple: 253 daAuts
  Lair:1: 39 daAuts
